 Dungeon Sprint DCSS version 0.29.1-2-gbd0b4ee654 (webtiles) character file.

Game seed: 4582685151448999165

975 Zeld the Cleaver (level 7, -10/72 HPs)
             Began as a Minotaur Berserker on Oct 23, 2022.
             Was a Priest of Trog.
             Mangled by a sixfirhy (12 damage)
             ... summoned by a kobold demonologist
             ... in the Dungeon (Sprint I: "Red Sonja").
             The game lasted 00:00:54 (1211 turns).

Zeld the Cleaver (Minotaur Berserker)               Turns: 1211, Time: 00:00:54

Health: -10/72     AC:  2    Str: 23    XL:     7   Next: 95%
Magic:  6/6        EV: 14    Int:  4    God:    Trog [***...]
Gold:   416        SH:  0    Dex: 10    Spells: 6/6 levels left

rFire   . . .      SeeInvis .   a - +0 hand axe
rCold   . . .      Faith    .   (no shield)
rNeg    . . .      Spirit   .   b - +0 animal skin
rPois   .          Reflect  .   (helmet restricted)
rElec   .          Harm     .   (no cloak)
rCorr   .          Rampage  .   (no gloves)
Will    .....      NoTele   +   (no boots)
Stlth   +.........              (no amulet)
HPRegen 0.22/turn               (no ring)
MPRegen 0.10/turn               (no ring)

@: spiked, on berserk cooldown, slowed, very slow
A: horns 2, retaliatory headbutt
a: Renounce Religion, Berserk, Trog's Hand


You were in the Dungeon.
You worshipped Trog.
Trog was most pleased with you.
You visited 1 branch You collected 416 gold pieces.

Inventory:

Hand Weapons
 a - a +0 hand axe (weapon)
Armour
 b - a +0 animal skin (worn)
Wands
 i - a wand of paralysis (7)
Scrolls
 h - a scroll of blinking
Potions
 e - a potion of haste
 f - 2 potions of magic
 g - a potion of berserk rage


   Skills:
 + Level 10.0 Fighting
 * Level 13.5 Axes
 + Level 9.7 Armour
 + Level 8.9 Dodging


You had 6 spell levels left.
You didn't know any spells.
Your spell library was empty.

Dungeon Overview and Level Annotations

Branches:
Dungeon (1/1)

Altars:
Cheibriados
Dithmenos
Elyvilon
Fedhas
Gozag
Hepliaklqana
Kikubaaqudgha
Makhleb
Nemelex Xobeh
Okawaru
Qazlal
Ru
Sif Muna
Trog
Uskayaw
Vehumet
Wu Jian
Xom
Yredelemnul
Zin
The Shining One
Jiyva
Lugonu

Shops:
D :


Innate Abilities, Weirdness & Mutations

You have a pair of horns on your head.
You reflexively headbutt those who attack you in melee.


Message History

The kobold demonologist is severely wounded.
You are no longer berserk.
You are exhausted.
You feel yourself slow down.
The ynoxinul gestures.
The kobold demonologist misses you. You furiously retaliate!
You headbutt the kobold demonologist, but do no damage.
Unknown command.
You hit the kobold demonologist.
The kobold demonologist is almost dead.
You barely miss the ufetubus.
The ufetubus hits you but does no damage.
The ufetubus barely misses you.
The kobold demonologist hits you with a +0 dagger.
Unknown command.
You hit the kobold demonologist but do no damage.
The kobold demonologist is almost dead.
You barely miss the ufetubus.
The sixfirhy hits you but does no damage.
The kobold demonologist casts a spell.
The sixfirhy hits you. The sixfirhy shocks you!
Unknown command.
You miss the kobold demonologist.
Your headbutt misses the kobold demonologist.
The kobold demonologist is almost dead.
You barely miss the sixfirhy. The sixfirhy hits you!
* * * LOW HITPOINT WARNING * * *
The sixfirhy shocks you!
* * * LOW HITPOINT WARNING * * *
The sixfirhy barely misses you. The sixfirhy closely misses you.
The ynoxinul gestures.
The kobold demonologist casts a cantrip, but nothing happens.
Unknown command.
The barbs in your skin will harm you if you move.
Continue?
Okay, then.
Unknown command.
You feel better. The sixfirhy hits you!
* * * LOW HITPOINT WARNING * * *
The sixfirhy shocks you!
You die...

#####################
.').#..'..#__#..@K54#
.#..'..#..'..'..#335#
###'#####'#__####555+
##..#...#)#### ####
_####..##[#
____##'#_.+
.∩...'..._#
..__##_.#'#
____###+#.#


You could see an orange demon (summoned), a kobold demonologist, a sixfirhy
(summoned), a ynoxinul (summoned) and 5 ufetubi.

Vanquished Creatures
  A kobold demonologist (D)
  A slime creature (D)
  Sigmund (D)
  A yak (D)
  A floating eye (D)
  An ogre (D)
  A jelly (D)
  Ijyb (D)
8 creatures vanquished.

Notes
Turn   | Place    | Note
-------+----------+-------------------------------------------
     0 | D        | Zeld the Minotaur Berserker began the quest for the Orb.
     0 | D        | Reached XP level 1. HP: 19/19 MP: 0/0
     1 | D        | Noticed Ijyb
     5 | D        | Paralysed by Ijyb for 5 turns
    12 | D        | Killed Ijyb
    13 | D        | Reached skill level 5 in Axes
    13 | D        | Reached XP level 2. HP: 28/28 MP: 1/1
   276 | D        | Noticed an ogre
   280 | D        | Killed an ogre
   281 | D        | Reached skill level 7 in Axes
   281 | D        | Reached skill level 5 in Armour
   281 | D        | Reached XP level 3. HP: 9/37 MP: 2/2
   281 | D        | Reached XP level 4. HP: 11/44 MP: 3/3
   528 | D        | Noticed Sigmund
   546 | D        | Killed Sigmund
   546 | D        | Reached ** piety under Trog
   547 | D        | Reached skill level 10 in Axes
   547 | D        | Reached XP level 5. HP: 27/52 MP: 4/4
   739 | D        | Found a burning altar of Makhleb.
   739 | D        | Found a viscous altar of Jiyva.
   739 | D        | Found a shimmering altar of Xom.
   739 | D        | Found a corrupted altar of Lugonu.
   739 | D        | Noticed a slime creature
   750 | D        | Killed a slime creature
   751 | D        | Reached skill level 11 in Axes
   751 | D        | Reached XP level 6. HP: 48/62 MP: 5/5
   935 | D        | Found an ornate altar of the Wu Jian Council.
   935 | D        | Found a shimmering blue altar of Sif Muna.
   937 | D        | Found a radiant altar of Vehumet.
  1125 | D        | Found Wedo's Book Emporium.
  1125 | D        | Found an ancient bone altar of Kikubaaqudgha.
  1125 | D        | Found a hazy altar of Hepliaklqana.
  1125 | D        | Found a hide-covered altar of Uskayaw.
  1125 | D        | Found a basalt altar of Yredelemnul.
  1125 | D        | Found an opulent altar of Gozag.
  1125 | D        | Found a snail-covered altar of Cheibriados.
  1125 | D        | Found a sacrificial altar of Ru.
  1125 | D        | Found a shadowy altar of Dithmenos.
  1125 | D        | Noticed a yak
  1126 | D        | Found a stormy altar of Qazlal.
  1126 | D        | Found a blossoming altar of Fedhas.
  1126 | D        | Found a bloodstained altar of Trog.
  1126 | D        | Found an iron altar of Okawaru.
  1126 | D        | Found a glowing golden altar of the Shining One.
  1126 | D        | Found a glowing silver altar of Zin.
  1126 | D        | Found a white marble altar of Elyvilon.
  1131 | D        | Killed a yak
  1132 | D        | Reached skill level 12 in Axes
  1132 | D        | Reached XP level 7. HP: 70/70 MP: 6/6
  1134 | D        | Found a sparkling altar of Nemelex Xobeh.
  1191 | D        | Noticed a kobold demonologist
  1192 | D        | Noticed a kobold demonologist
  1193 | D        | Paralysed by a floating eye for 4 turns
  1195 | D        | Noticed a red devil
  1197 | D        | Noticed a sixfirhy
  1199 | D        | Reached *** piety under Trog
  1203 | D        | Noticed a sun demon
  1205 | D        | Noticed a ynoxinul
  1206 | D        | Killed a kobold demonologist
  1207 | D        | Reached skill level 10 in Fighting
  1207 | D        | Reached skill level 13 in Axes
  1210 | D        | Noticed an orange demon
  1211 | D        | HP: 2/72 [sixfirhy[a kobold demonologist] (13)]
  1211 | D        | Mangled by a sixfirhy

Illustrated notes

Levels and vault maps discovered:
D:        dungeon_sprint_1 [red_sonja_temple_1, red_sonja_temple_small_1]

Skill      XL: |  1  2  3  4  5  6  7 |
---------------+----------------------+-----
Fighting       | 4 6 7 8 9 10 | 10.0
Axes           | 5 7 10 11 12 13 | 13.5
Armour         | 3 5 7 8 9 |  9.7
Dodging        | 3 4 6 7 8 |  8.9

Action                   |  1- 3 |  4- 6 |  7- 9 || total
-------------------------+-------+-------+-------++-------
Melee: Hand axe          |     7 |    22 |    13 ||    42
       Headbutt          |     3 |     4 |     1 ||     8
Invok: Berserk           |     2 |     3 |     1 ||     6
  Use: Potion            |       |     1 |     1 ||     2
Armor: Animal skin       |     1 |     2 |     2 ||     5
Dodge: Dodged            |     3 |    10 |     6 ||    19
